 Dungeon Crawl Stone Soup version 0.25-a0-631-gc915619fb7 (webtiles) character file.

Game seed: 10013692615230589747, levelgen mode: deterministic

423312 sanka the Cryomancer (level 23, -6/181 HPs)
             Began as a Barachi Ice Elementalist on Mar 15, 2020.
             Was the Champion of Vehumet.
             Killed from afar by an ice dragon (7 damage)
             ... with a blast of cold
             ... on level 2 of the Depths on Mar 18, 2020.
             The game lasted 03:25:27 (55399 turns).

sanka the Cryomancer (Barachi Ice Elementalist)    Turns: 55399, Time: 03:25:28

Health: -6/181     AC: 45    Str: 18    XL:     23   Next: 75%
Magic:  46/54      EV: 14    Int: 36    God:    Vehumet [******]
Gold:   3874       SH: 16    Dex: 18    Spells: 14/48 levels left

rFire    . . .     SeeInvis .   a - +8 demon trident (elec)
rCold    + . .     Gourm    .   J - +2 kite shield {AC+3}
rNeg     + . .     Faith    .   D - +12 plate armour "Ymuloal" {rElec rCorr Int+5 Stlth+}
rPois    .         Spirit   .   F - +3 hat of Pondering {ponderous, MR+ MP+10 Int+5}
rElec    +         Reflect  .   f - +2 cloak {MR+}
rCorr    +         Harm     .   t - +2 pair of gloves {Dex+3}
MR       ++...                  M - +2 pair of boots {run}
Stlth    ..........             E - amulet of magic regeneration
HPRegen  0.40/turn              G - ring of Contention {Wiz rC+ rN+ MR- Str+2}
MPRegen  0.59/turn              C - ring "Qodofe" {*Drain Int+7 Dex+2}

@: lethally poisoned (-6 -> -14), no potions, slow
A: +LOS, swims, antennae 1, deterioration 1, high mp 1, slowness 1, strong legs
2
}: 2/15 runes: decaying, gossamer
a: Hop, Renounce Religion


You were on level 2 of the Depths.
You worshipped Vehumet.
Vehumet was exalted by your worship.
You were hungry.

You visited 8 branches of the dungeon, and saw 40 of its levels.
You also visited: Gauntlet.

You collected 6685 gold pieces.
You spent 2811 gold pieces at shops.


Innate Abilities, Weirdness & Mutations

You can be seen from farther away. (+LOS)
You can swim through water.
You cover ground slowly.
You can hop long distances.
You have a pair of small antennae on your head.
Your body sometimes deteriorates upon taking damage.
You have an increased reservoir of magic. (+10% MP)


   Skills:
 - Level 15.0 Fighting
 - Level 8.6(11.0) Polearms
 - Level 11.8(13.0) Staves
 - Level 14.0 Armour
 - Level 14.0 Dodging
 - Level 1.7 Stealth
 - Level 15.0 Shields
 - Level 13.0 Spellcasting
 * Level 19.0 Conjurations
 - Level 5.0 Summonings
 - Level 4.0 Translocations
 + Level 21.5 Ice Magic
 - Level 6.0 Air Magic
 - Level 8.0 Evocations


You had 14 spell levels left.
You knew the following spells:

 Your Spells              Type           Power        Failure   Level  Hunger
e - Apportation           Tloc           ######       1%          1    None
u - Hailstorm             Conj/Ice       ########     1%          4    None
x - Summon Ice Beast      Ice/Summ       #######.     1%          4    None
y - Frozen Ramparts       Ice            ######       0%          3    None
z - Ozocubu's Refrigerat  Ice            ########..   1%          6    ###....
C - Freezing Cloud        Conj/Ice/Air   #######...   1%          6    ###....
V - Glaciate              Conj/Ice       ########..   47%         9    #######
X - Freeze                Ice            ####         0%          1    None

Your spell library contained the following spells:

 Spells                   Type           Power        Failure   Level  Hunger
 Ignition                 Fire           ###.......   100%        8    ######.
 Shatter                  Erth           ###.......   100%        9    #######
 Magic Dart               Conj           ####         0%          1    None
 Searing Ray              Conj           ######       0%          2    None
 Summon Small Mammal      Summ           ####         1%          1    None
 Ensorcelled Hibernation  Hex/Ice        ######       1%          2    None
 Conjure Flame            Conj/Fire      #######.     1%          3    None
 Dazzling Flash           Conj/Hex       ######       1%          3    None
 Mephitic Cloud           Conj/Pois/Air  ######..     1%          3    None
 Ozocubu's Armour         Chrm/Ice       #######.     1%          3    None
 Static Discharge         Conj/Air       #######.     1%          3    None
 Stone Arrow              Conj/Erth      ######       1%          3    None
 Fulminant Prism          Conj/Hex       #######...   1%          4    None
 Ice Form                 Ice/Tmut       #######.     1%          4    None
 Iskenderun's Mystic Bla  Conj/Tloc      #######.     1%          4    None
 Irradiate                Conj/Tmut      #######...   1%          5    None
 Lightning Bolt           Conj/Air       #######...   1%          5    None
 Blink                    Tloc           N/A          3%          2    None
 Metabolic Englaciation   Hex/Ice        #######...   3%          5    None
 Conjure Ball Lightning   Conj/Air       #######...   3%          6    ###....
 Corpse Rot               Necr/Air       N/A          4%          2    None
 Poisonous Vapours        Pois/Air       #####.       4%          2    None
 Recall                   Summ/Tloc      N/A          4%          3    None
 Gell's Gravitas          Tloc           ######....   6%          3    None
 Lesser Beckoning         Tloc           ######....   6%          3    None
 Teleport Other           Tloc           ######..     6%          3    None
 Shroud of Golubria       Chrm/Tloc      #####.       7%          2    None
 Ignite Poison            Fire/Tmut/Pois ###.....     9%          3    None
 Animate Skeleton         Necr           N/A          11%         1    None
 Corona                   Hex            ###....      11%         1    None
 Sting                    Tmut/Pois      ###.         11%         1    None
 Summon Lightning Spire   Summ/Air       ######..     11%         4    None
 Portal Projectile        Hex/Tloc       #####.       14%         3    None
 Sublimation of Blood     Necr           ###.......   16%         2    None
 Simulacrum               Ice/Necr       #######...   19%         6    ###....
 Passage of Golubria      Tloc           N/A          21%         4    None
 Olgreb's Toxic Radiance  Pois           ###.....     26%         4    None
 Confusing Touch          Hex            ###.....     30%         3    None
 Tukima's Dance           Hex            ###.....     30%         3    None
 Aura of Abjuration       Summ           ######....   34%         5    None
 Summon Demon             Summ           ######....   34%         5    None
 Summon Forest            Summ/Tloc      ######....   41%         5    None
 Yara's Violent Unravell  Hex/Tmut       ###.......   52%         5    None
 Silence                  Hex/Air        #####.....   61%         5    None
 Animate Dead             Necr           N/A          67%         4    None
 Dispel Undead            Necr           ###.....     67%         4    None
 Petrify                  Tmut/Erth      ###.....     67%         4    None
 Summon Mana Viper        Hex/Summ       #####...     67%         5    None
 Shadow Creatures         Summ           N/A          87%         6    ###....
 Agony                    Necr           ###.....     94%         5    None
 Alistair's Intoxication  Tmut/Pois      ###.....     94%         5    None
 Borgnjor's Vile Clutch   Necr/Erth      ###.......   94%         5    None
 Excruciating Wounds      Chrm/Necr      ###.......   94%         5    None
 Dispersal                Tloc           ######....   95%         6    ###....
 Deflect Missiles         Chrm/Air       #####.....   98%         6    ###....
 Darkness                 Hex            ###.......   100%        6    ###....
 Death Channel            Necr           ###.......   100%        6    ###....
 Eringya's Noxious Bog    Tmut/Pois      ###.......   100%        6    ###....
 Ring of Flames           Chrm/Fire      ###.......   100%        7    #####..
 Controlled Blink         Tloc           N/A          100%        8    ######.
 Disjunction              Tloc           ######....   100%        8    ######.
 Tornado                  Air            ######....   100%        9    #######

Inventory:

Hand Weapons
 a - a +8 demon trident of electrocution (weapon)
Missiles
 p - 4 throwing nets {=f}
Armour
 f - a +2 cloak of magic resistance (worn)
 t - a +2 pair of gloves of dexterity (worn)
 D - the +12 plate armour "Ymuloal" (worn) {rElec rCorr Int+5 Stlth+}

   It affects your intelligence (+5).
   It insulates you from electricity.
   It provides partial protection from all sources of acid and corrosion.
   It makes you more stealthy.
 F - the +3 hat of Pondering (worn) {ponderous, MR+ MP+10 Int+5}

   It affects your intelligence (+5).
   It affects your resistance to hostile enchantments.
   It affects your magic capacity (+10).
 J - a +2 kite shield of protection (worn)
 M - a +2 pair of boots of running (worn)
Magical Staves
 b - an uncursed staff of cold
Jewellery
 g - the ring of Wosy {Int+2 SInv}

   [ring of see invisible]

   It affects your intelligence (+2).
   It lets you see invisible.
 l - a +4 ring of protection
 C - the ring "Qodofe" (right hand) {*Drain Int+7 Dex+2}

   [ring of dexterity]

   It affects your intelligence (+7).
   It affects your dexterity (+2).
   It causes draining when unequipped.
 E - an amulet of magic regeneration (around neck)
 G - the ring of Contention (left hand) {Wiz rC+ rN+ MR- Str+2}

   [ring of wizardry]

   It improves your spell success rate.
   It affects your strength (+2).
   It protects you from cold.
   It protects you from negative energy.
   It affects your resistance to hostile enchantments.
 Q - the ring of the Thistle {rElec rF++ rCorr}

   [ring of resist corrosion]

   It greatly protects you from fire.
   It insulates you from electricity.
   It provides partial protection from all sources of acid and corrosion.
Wands
 q - a wand of iceblast (36)
 B - a wand of polymorph (40)
 K - a wand of clouds (6)
 O - a wand of paralysis (47)
 P - a wand of enslavement (47)
 V - a wand of scattershot (6)
 W - a wand of acid (24)
 Y - a wand of digging (21)
Scrolls
 d - 10 scrolls of blinking
 e - 5 scrolls of enchant armour
 i - 6 scrolls of immolation {!r}
 j - 12 scrolls of fog
 m - 14 scrolls of magic mapping
 n - 7 scrolls of fear
 r - 2 scrolls of holy word
 s - 16 scrolls of remove curse
 H - 27 scrolls of identify {@r1}
 L - 5 scrolls of vulnerability {!r}
 U - 3 scrolls of summoning
 Z - 19 scrolls of teleportation {@r4}
Potions
 h - a potion of cancellation
 k - 8 potions of lignification {!q}
 v - 4 potions of invisibility
 w - 3 potions of resistance
 x - 2 potions of might
 I - 3 potions of brilliance
 N - 5 potions of heal wounds {@q2}
 R - 3 potions of ambrosia
 S - 9 potions of haste {@q3}
 T - 11 potions of curing {@q1}
 X - 3 potions of magic
Miscellaneous
 y - a box of beasts
 z - a fan of gales
Comestibles
 c - 76 rations
 o - 4 chunks of flesh

Dungeon Overview and Level Annotations

Branches:
Dungeon (15/15)            Temple (0/1) D:5            Lair (6/6) D:11
  Swamp (4/4) Lair:4       Spider (4/4) Lair:2        Slime (0/5) Lair:6
    Orc (2/2) D:9             Elf (3/3) Orc:2        Vaults (4/5) D:13
  Crypt (0/3) Vaults:2     Depths (2/5) D:15        Gauntlet (visited)

Altars:
Cheibriados
Makhleb
Nemelex Xobeh
Okawaru
Qazlal
Vehumet
Wu Jian
Xom
Yredelemnul
The Shining One
Beogh
Jiyva
Lugonu

Shops:
D:14 !*   Orc:1 *   Orc:2 (*([   Elf:1 *   Elf:2 =}=

Portals:
Hell: Depths:1
Abyss: Depths:1 Depths:2
Pandemonium: Depths:2
Trove: D:11 (give 20 potions of curing)

Annotations:
Elf:1 Roxanne

▒▒▒..▒ ▒..▒
▒..▒▒..▒
▒..▒▒▒.. ▒▒▒..▒
▒..▒ ▒...▒▒..▒
▒..▒ ▒▒. ▒▒...▒
▒..▒
▒....▒▒..▒..▒ ▒▒
.....▒▒ ▒▒..▒
▒.....▒▒▒'▒▒ ▒
......▒▒▒..▒▒
▒.▒..▒▒▒▒▒..
▒▒▒▒...▒...▒
▒.[.▒▒..▒▒▒▒ ▒▒
▒▒.....▒▒
▒..▒▒.▒▒..▒▒ ▒
▒[ ▒▒...▒▒
▒▒D▒.▒▒▒▒▒.▒
▒.▒▒ ▒▒▒..▒▒
▒F▒.▒▒..▒.▒ ▒..▒
▒▒▒▒...▒▒
▒.'▒▒.▒▒.▒▒{
+... ......▒▒
▒.▒▒▒.▒.▒..▒
▒..▒ ....▒▒▒
▒.▒▒.▒▒. ▒▒▒
▒.▒▒ ..▒▒▒
▒.▒▒.▒▒▒ ▒▒▒▒.
..▒ ▒..▒▒.▒▒▒
▒▒.▒▒▒ ..▒
▒▒..▒▒..▒▒
▒▒...▒▒ ..▒
▒..▒▒▒[▒▒▒..▒..▒
..▒ ▒▒▒
▒.........▒▒▒..


You could see an ice dragon.


Message History

The blast of cold hits you! You resist.
* * * LOW HITPOINT WARNING * * *
You impale the ice dragon!!
The ice dragon is heavily wounded.
* * * LOW HITPOINT WARNING * * *
You feel sick.
You hit the ice dragon.
The ice dragon is heavily wounded.
* * * LOW HITPOINT WARNING * * *
You feel sick. You block the ice dragon's attack.
The ice dragon claws you but does no damage.
The ice dragon closely misses you.
You puncture the ice dragon!
The ice dragon is severely wounded.
* * * LOW HITPOINT WARNING * * *
You feel sick. The ice dragon breathes frost at you.
The blast of cold hits you but does no damage.
You hear a shout!
You puncture the ice dragon!
Lightning courses through the ice dragon!
The ice dragon is almost dead.
* * * LOW HITPOINT WARNING * * *
You feel sick. The ice dragon breathes frost at you.
The blast of cold hits you! You resist.
You die...

Action                   |  1- 3 |  4- 6 |  7- 9 | 10-12 | 13-15 | 16-18 | 19-21 | 22-24 || total
-------------------------+-------+-------+-------+-------+-------+-------+-------+-------++-------
Melee: Unarmed           |     1 |       |       |       |       |       |       |       ||     1
       Mace              |    40 |    32 |       |       |       |       |       |       ||    72
       Falchion          |       |     1 |    60 |    46 |       |       |       |       ||   107
       Long sword        |       |       |    30 |       |    69 |       |       |       ||    99
       Dagger            |       |       |    13 |       |       |       |       |       ||    13
       Great sword       |       |       |       |   123 |    16 |       |       |       ||   139
       Quarterstaff      |       |       |       |     7 |       |       |       |       ||     7
       Staff             |       |       |       |       |    40 |   350 |   354 |       ||   744
       Demon trident     |       |       |       |       |   185 |   522 |   296 |   512 ||  1515
 Cast: Freeze            |    36 |    59 |   101 |   207 |   433 |    26 |       |       ||   862
       Frozen Ramparts   |     1 |     3 |    23 |    42 |    73 |     9 |       |       ||   151
       Ozocubu's Armour  |       |       |    18 |    38 |    55 |       |       |       ||   111
       Summon Ice Beast  |       |       |     5 |     3 |    11 |       |       |       ||    19
       Hailstorm         |       |       |     2 |    17 |    49 |     1 |       |       ||    69
       Ozocubu's Refrige |       |       |       |       |    63 |   192 |   272 |   179 ||   706
       Apportation       |       |       |       |       |     2 |       |       |       ||     2
       Freezing Cloud    |       |       |       |       |       |     1 |       |       ||     1
 Abil: Hop               |       |       |     2 |       |     2 |     1 |       |       ||     5
Evoke: Wand              |       |       |     1 |     6 |     5 |     2 |     7 |       ||    21
  Use: Scroll            |       |     6 |     5 |     8 |    18 |     7 |     6 |     7 ||    57
       Potion            |       |       |     4 |     3 |     1 |       |     2 |     3 ||    13
 Stab: Sleeping          |     1 |     5 |       |       |     1 |       |       |       ||     7
       Paralysed         |       |       |       |     1 |       |       |       |       ||     1
  Eat: Chunk             |     3 |     7 |    18 |    26 |    47 |    44 |    51 |    32 ||   228
       Ration            |       |       |     1 |     1 |     6 |     5 |     3 |     1 ||    17
Armor: Robe              |    18 |     7 |    52 |   147 |   205 |       |       |       ||   429
       Plate armour      |       |       |       |    33 |   201 |   968 |   440 |   206 ||  1848
Dodge: Dodged            |    65 |    68 |   130 |   417 |   725 |   539 |   230 |   126 ||  2300
Block: Buckler           |       |       |       |       |       |   359 |    42 |       ||   401
       Kite shield       |       |       |       |       |       |       |   424 |   273 ||   697
       Rpst.: Falchion   |       |     5 |    15 |    21 |       |       |       |       ||    41
       Long sword        |       |       |    16 |       |    95 |       |       |       ||   111
       Great sword       |       |       |       |    83 |    58 |       |       |       ||   141

Levels and vault maps discovered:
D:1:      dpeg_arrival_morbid_curiosity, layout_basic
D:2:      layout_rooms, solitary_fountain, minmay_liquid_box,
          columned_hall_lemuel, kennysheep_generic_room_10
D:3:      layout_loops_ring, first_ration
D:4:      layout_rooms, nemelex_xobeh_ov_fountains_minmay, led_xom_imps,
          nicolae_qazlal_style_of_elements, grunt_decor_resistance,
          minmay_parallelograms, okawaru_ov_weapons_minmay, uniq_natasha
D:5:      layout_basic, lemuel_coloured_pillars_altar, vehumet_statue,
          minmay_temple_entry_glassed_door, roderic_lattice_a, uniq_menkaure,
          uniq_prince_ribbit1
D:6:      layout_basic, zaba_anthole, makhleb_heckhound_becter
D:7:      layout_rooms, biasface_ghost_orc_armoury, uniq_crazy_yiuf_cottage
D:8:      gammafunk_steamed_eel, layout_gridville, cheibriados_altar_1
D:9:      minmay_weird_star, layout_irregular_city, marbit_many_paths,
          orc_0_dummy, uniq_maggie
D:10:     layout_small_grid, serial_co_window_serial, co_window_paths_b,
          co_window_corner_a, co_window_paths_b, co_window_corner_a,
          co_window_corner_a, co_window_broadway_c, co_window_broadway_c,
          co_window_broadway_b, co_window_2corner, co_window_of_opportunity_c,
          special_room [special_room_orc]
D:11:     layout_irregular_city, david_lair_generic, enter_trove_1,
          hangedman_pestilent_swarm, hangedman_abyss_or_decor_passed,
          uniq_gastronok, uniq_fannar
D:12:     layout_rooms, bh_circular_ruins, uniq_erolcha
D:13:     layout_rooms, grunt_vaults_entry_tiered, serial_co_window_serial,
          co_window_corner_a, co_window_paths_a, co_window_paths_a,
          co_window_cross_1, co_window_paths_a, co_window_paths_c,
          co_window_corner_b, co_window_broadway_b, co_window_of_opportunity_b,
          co_window_cross_2, co_window_cross_4, co_window_of_opportunity_b,
          co_window_paths_d, glass_columns_c, glass_columns_c, glass_columns_a,
          glass_columns_b, uniq_snorg, uniq_nessos
D:14:     layout_long_grid, serial_shops, kennysheep_mini_moat,
          gauntlet_entry_generic, nicolae_island_escapes
D:15:     hangedman_spin_cycle, uniq_kirke, uniq_louise, uniq_agnes
Lair:1:   layout_misc_corridors, minmay_lair_oklob_chamber, grunt_megastairs_1
Lair:2:   layout_hall_layers, spider_nest_entry_webs, lemuel_fruit_fields
Lair:3:   layout_concentric_octagons, grunt_megastairs_2
Lair:4:   layout_misc_corridors, nicolae_swamp_entry_splash_gauntlet,
          grunt_megastairs_3, infiniplex_staircase_pool
Lair:5:   layout_long_grid, special_room [special_room_mythical_zoo],
          basic_altar, hibernation_bobbens
Lair:6:   evilmike_catoblepas_cave, layout_gridlike, slime_altar_2
Swamp:1:  layout_falls_marsh, evilmike_swamp_ruin_house_3
Swamp:2:  layout_basic_swamp, hangedman_swamp_cone
Swamp:3:  cheibrodos_swamp_mausoleum, layout_basic_swamp, lemuel_altar_in_water,
          swamp_pool1, uniq_mara, uniq_donald
Swamp:4:  swamp_fiery, layout_basic_swamp, gammafunk_ghost_hydra_chop
Spider:1: layout_spider_delve
Spider:2: layout_chambers
Spider:3: layout_spider_delve, uniq_arachne
Spider:4: spider_rune_water, nicolae_spider_cling_ruins, uniq_aizul
Orc:1:    layout_diamond_mine, serial_shops, basic_altar, minmay_shop_mass
Orc:2:    grunt_orc_community_town_hall, layout_caves,
          grunt_orc_community_big_house_2, grunt_orc_community_big_house_1,
          grunt_orc_community_house_1, grunt_orc_community_house_3,
          grunt_orc_community_house_3, grunt_orc_community_house_3,
          ebering_ghost_reflecting_pool
Elf:1:    elf_arrival_001, layout_loops_corners, serial_shops, shop_fountains,
          minmay_elf_necromancy, st_stairs_12, uniq_roxanne, uniq_azrael
Elf:2:    layout_geoelf_octagon, minmay_shop_grove
Elf:3:    minmay_elf_hall_dome, layout_loops_ring, david_defended_altar_elf,
          uniq_asterion
Vaults:1: v_alt_pattern_3, ontoclasm_vaults_shuriken, hangedman_vaults_nails,
          v_misc_30, vaults_room_semicircle, grunt_vaults_twisty,
          hangedman_vaults_stretched_pinwheel, grunt_vaults_diagonal,
          nicolae_vaults_an_arrangement, nicolae_vaults_back_hallway,
          vaults_room_pools, vaults_dpeg_cross, nicolae_vaults_network_square,
          hangedman_vaults_stagger, v_misc_33, nicolae_vaults_little_squares_4,
          layout_vaults_ring
Vaults:2: v_alt_pattern_2, v_misc_19, ontoclasm_vaults_twist, v_misc_2,
          v_misc_12, blue_anna_dwarven_crypt, vaults_room_corners,
          nicolae_vaults_little_squares_4, vaults_dpeg_hooks, v_misc_17,
          layout_vaults_omnigrid
Vaults:3: vaults_mumra_chevron_long, hangedman_vaults_capsules,
          vaults_room_grunt_arrival_checkpoint, v_misc_22, vaults_room_hallway,
          hangedman_vaults_restitches, nicolae_vaults_network_quinsquares
          [nicolae_vaults_network_quincunx_subvault,
          nicolae_vaults_network_quincunx_subvault,
          nicolae_vaults_network_quincunx_subvault,
          nicolae_vaults_network_quincunx_subvault],
          nicolae_vaults_fighting_squares, layout_vaults_omnicross
Vaults:4: vaults_room_grid, hangedman_vaults_pinch, dpeg_vaults_monster_box,
          vaults_mumra_hex, st_diamondy, vaults_standard_mumra_lines,
          v_alt_pattern_1, nicolae_vaults_theta, v_misc_11,
          vaults_mumra_minichess_inversion, ontoclasm_vaults_loading_screen,
          nicolae_vaults_little_squares_2, layout_vaults_omnibox, uniq_mennas,
          uniq_margery
Depths:1: layout_cave_pools, abyss_entry_flame_altar,
          hangedman_decor_clover_reticule, hell_entry, evilmike_butchery
Depths:2: minmay_the_grid_octo_2x2 [minmay_the_grid_octo_thin_diamonds,
          minmay_the_grid_octo_clover_2, minmay_the_grid_octo_fan_narrow,
          minmay_the_grid_octo_prize_star], layout_cave_shapes, abyss_entry,
          pan_entry, grunt_hell_entry_dis_mu, nicolae_sextant,
          small_statue_intersection, kennysheep_generic_room_14

Notes
Turn   | Place    | Note
-------+----------+-------------------------------------------
     0 | D:1      | sanka the Barachi Ice Elementalist began the quest for the
                  | Orb.
     0 | D:1      | Reached XP level 1. HP: 13/13 MP: 3/3
   371 | D:1      | Reached XP level 2. HP: 19/19 MP: 2/5
   494 | D:1      | Reached skill level 3 in Spellcasting
   914 | D:1      | Reached XP level 3. HP: 15/24 MP: 6/8
   919 | D:1      | Learned a level 3 spell: Frozen Ramparts
   923 | D:1      | Learned a level 3 spell: Ozocubu's Armour
  1045 | D:1      | Reached skill level 5 in Ice Magic
  1804 | D:2      | Reached XP level 4. HP: 30/30 MP: 3/9
  1955 | D:2      | Reached skill level 4 in Spellcasting
  2141 | D:2      | Noticed a bullfrog
  2149 | D:2      | Killed a bullfrog
  2149 | D:2      | Reached skill level 6 in Ice Magic
  2149 | D:2      | Reached XP level 5. HP: 16/35 MP: 5/11
  2321 | D:2      | Learned a level 4 spell: Summon Ice Beast
  3119 | D:3      | Reached skill level 7 in Ice Magic
  3331 | D:4      | Found an iron altar of Okawaru.
  3347 | D:4      | Reached skill level 1 in Summonings
  3349 | D:4      | Reached XP level 6. HP: 41/41 MP: 6/12
  3449 | D:4      | Noticed Natasha
  3454 | D:4      | Killed Natasha
  3456 | D:4      | Reached skill level 2 in Summonings
  3544 | D:4      | Found a shimmering altar of Xom.
  3553 | D:4      | Reached skill level 8 in Ice Magic
  3570 | D:4      | Noticed Natasha
  3577 | D:4      | Killed Natasha
  3588 | D:4      | Reached skill level 3 in Summonings
  3588 | D:4      | Reached XP level 7. HP: 27/46 MP: 4/13
  3734 | D:4      | Found a sparkling altar of Nemelex Xobeh.
  3857 | D:4      | Found a stormy altar of Qazlal.
  3859 | D:4      | Noticed a water elemental
  3860 | D:4      | Noticed an air elemental
  3860 | D:4      | Noticed a fire elemental
  3886 | D:4      | Found a stormy altar of Qazlal.
  3920 | D:4      | Found an iron altar of Okawaru.
  3996 | D:4      | Noticed Natasha
  4002 | D:4      | Killed Natasha
  4070 | D:4      | Found a sparkling altar of Nemelex Xobeh.
  4134 | D:4      | Found a shimmering altar of Xom.
  4278 | D:5      | Entered Level 5 of the Dungeon
  4278 | D:5      | Found a radiant altar of Vehumet.
  4321 | D:5      | Became a worshipper of Vehumet
  4456 | D:5      | Reached skill level 9 in Ice Magic
  4697 | D:5      | Reached skill level 1 in Fighting
  4705 | D:5      | Found a basalt altar of Yredelemnul.
  5141 | D:5      | Found a staircase to the Ecumenical Temple.
  5173 | D:5      | Reached skill level 3 in Dodging
  5173 | D:5      | Reached XP level 8. HP: 14/56 MP: 2/14
  5355 | D:5      | Learned a level 4 spell: Hailstorm
  5369 | D:5      | Noticed Prince Ribbit
  5385 | D:5      | Killed Prince Ribbit
  5385 | D:5      | Reached skill level 2 in Fighting
  5385 | D:5      | Reached skill level 1 in Conjurations
  5397 | D:5      | Noticed Menkaure
  5593 | D:5      | Reached skill level 10 in Ice Magic
  5596 | D:5      | Reached skill level 3 in Fighting
  5596 | D:5      | HP: 5/58 [??? (2)]
  5598 | D:5      | HP: 2/58 [Menkaure/nerve-wracking pain (4)]
  6167 | D:5      | Killed Menkaure
  6167 | D:5      | Reached skill level 2 in Conjurations
  6306 | D:6      | Upgraded the game from 0.25-a0-598-gc9c9e4cfe1 to
                  | 0.25-a0-610-gd0df705f03
  6310 | D:6      | Reached skill level 4 in Dodging
  6379 | D:5      | Reached skill level 4 in Fighting
  6380 | D:5      | Reached * piety under Vehumet
  6380 | D:5      | Offered knowledge of Foxfire by Vehumet.
  6380 | D:5      | Reached skill level 5 in Spellcasting
  6380 | D:5      | Reached skill level 3 in Conjurations
  6611 | D:6      | Reached XP level 9. HP: 59/65 MP: 3/16
  6761 | D:6      | Found a burning altar of Makhleb.
  6867 | D:6      | Reached skill level 5 in Dodging
  7010 | D:6      | Reached skill level 5 in Fighting
  7469 | D:7      | Offered knowledge of Searing Ray by Vehumet.
  7554 | D:7      | Found a runed translucent gate.
  7554 | D:7      | Found a runed translucent gate.
  7560 | D:7      | Found a runed translucent gate.
  7560 | D:7      | Noticed DizzySkin's ghost (novice MiBe)
  7648 | D:7      | Reached ** piety under Vehumet
  7651 | D:7      | Reached skill level 4 in Conjurations
  7665 | D:7      | Found a runed translucent door.
  7666 | D:7      | Noticed Crazy Yiuf
  7840 | D:7      | Found a roughly hewn altar of Beogh.
  7866 | D:7      | Reached skill level 6 in Spellcasting
  7867 | D:7      | Reached skill level 6 in Dodging
  7872 | D:7      | Reached skill level 6 in Fighting
  7892 | D:7      | HP: 3/68 [something (8)]
  7901 | D:7      | Killed DizzySkin's ghost
  8235 | D:7      | Got a bloodstained hat
  8241 | D:7      | Identified the +1 hat of Taub {Int+5 Slay-5} (You found it
                  | on level 7 of the Dungeon)
  8291 | D:7      | Killed Crazy Yiuf
  8291 | D:7      | Reached skill level 7 in Fighting
  8338 | D:7      | Got a faintly glowing plate armour
  8349 | D:7      | Identified the +12 plate armour "Ymuloal" {rElec rCorr
                  | Int+5 Stlth+} (You found it on level 7 of the Dungeon)
  8394 | D:8      | Reached skill level 1 in Armour
  8394 | D:8      | Reached skill level 7 in Dodging
  8403 | D:8      | Noticed a two-headed ogre
  8403 | D:8      | Noticed a two-headed ogre
  8412 | D:8      | Killed a two-headed ogre
  8412 | D:8      | Offered knowledge of Conjure Flame by Vehumet.
  8412 | D:8      | Reached skill level 3 in Armour
  8412 | D:8      | Reached XP level 10. HP: 52/79 MP: 3/19
  8415 | D:8      | Killed a two-headed ogre
  8415 | D:8      | Reached skill level 8 in Fighting
  8415 | D:8      | Reached skill level 4 in Armour
  8415 | D:8      | Reached skill level 8 in Dodging
  8861 | D:8      | Found a transporter.
  8951 | D:8      | Found a transporter.
  9147 | D:8      | Found a snail-covered altar of Cheibriados.
  9215 | D:8      | Noticed a two-headed ogre
  9225 | D:8      | Killed a two-headed ogre
  9225 | D:8      | Reached *** piety under Vehumet
  9225 | D:8      | Reached skill level 9 in Fighting
  9225 | D:8      | Reached skill level 5 in Armour
  9979 | D:9      | Found a staircase to the Orcish Mines.
 10212 | D:9      | Offered knowledge of Static Discharge by Vehumet.
 10221 | D:9      | Reached skill level 6 in Armour
 10221 | D:9      | Reached skill level 9 in Dodging
 10325 | D:9      | Identified +0 steam dragon scales
 10325 | D:9      | Noticed Maggie
 10337 | D:9      | Killed Maggie
 10337 | D:9      | Reached XP level 11. HP: 83/89 MP: 6/20
 10592 | D:9      | Reached skill level 10 in Fighting
 10688 | D:9      | Found an iron altar of Okawaru.
 10875 | D:10     | Entered Level 10 of the Dungeon
 10899 | D:10     | Identified a potion of resistance
 11124 | D:10     | Reached skill level 10 in Dodging
 11128 | D:10     | Killed an unseen horror
 11400 | D:10     | Reached skill level 11 in Fighting
 11510 | D:10     | Reached **** piety under Vehumet
 11547 | D:10     | Offered knowledge of Olgreb's Toxic Radiance by Vehumet.
 11574 | D:10     | Found a roughly hewn altar of Beogh.
 12161 | D:11     | Noticed Fannar
 12199 | D:11     | Killed Fannar
 12199 | D:11     | Reached skill level 11 in Dodging
 12440 | D:11     | Noticed a white ugly thing
 12443 | D:11     | Noticed a four-headed hydra
 12497 | D:11     | Killed a white ugly thing
 12663 | D:11     | Reached ***** piety under Vehumet
 12663 | D:11     | Offered knowledge of Lee's Rapid Deconstruction by Vehumet.
 12663 | D:11     | Reached skill level 12 in Fighting
 12883 | D:11     | Noticed Gastronok
 12901 | D:11     | Found a staircase to the Lair.
 12905 | D:11     | Killed Gastronok
 12905 | D:11     | Reached skill level 12 in Dodging
 12905 | D:11     | Reached XP level 12. HP: 63/103 MP: 12/21
 13147 | D:11     | Reached skill level 13 in Fighting
 13184 | D:11     | Found a portal to a secret trove of treasure.
 13552 | Lair:1   | Entered Level 1 of the Lair of Beasts
 13637 | Lair:1   | Noticed a six-headed hydra
 13650 | Lair:1   | Killed a six-headed hydra
 13650 | Lair:1   | Reached skill level 1 in Evocations
 13765 | Lair:1   | Reached skill level 11 in Ice Magic
 13862 | Lair:1   | Reached skill level 2 in Evocations
 13874 | Lair:1   | Got a faintly humming helmet
 13885 | Lair:1   | Identified the cursed +0 helmet of Yxief {Dex+4} (You found
                  | it on level 1 of the Lair of Beasts)
 13940 | Lair:1   | Reached skill level 7 in Spellcasting
 14021 | Lair:1   | Got a heavily runed leather armour
 14032 | Lair:1   | Identified the +3 leather armour of Niwkes {rN+} (You found
                  | it on level 1 of the Lair of Beasts)
 14496 | Lair:2   | Reached skill level 3 in Evocations
 14567 | Lair:2   | Noticed an eight-headed hydra
 14579 | Lair:2   | Killed an eight-headed hydra
 14579 | Lair:2   | Reached skill level 12 in Ice Magic
 14789 | Lair:2   | Found a hole to the Spider Nest.
 15039 | Lair:2   | Reached skill level 4 in Evocations
 15786 | Lair:3   | Gained mutation: You can hop long distances. [Barachi
                  | growth]
 15786 | Lair:3   | Reached XP level 13. HP: 92/111 MP: 12/24
 15926 | Lair:3   | Reached skill level 8 in Spellcasting
 16077 | Lair:3   | Reached skill level 13 in Ice Magic
 17925 | Lair:4   | Found a staircase to the Swamp.
 18074 | Lair:5   | Reached skill level 14 in Ice Magic
 18291 | Lair:5   | Reached skill level 9 in Spellcasting
 18674 | Lair:5   | Found a sparkling altar of Nemelex Xobeh.
 18848 | Lair:5   | Reached skill level 15 in Ice Magic
 19748 | Lair:6   | Entered Level 6 of the Lair of Beasts
 19907 | Lair:6   | Reached XP level 14. HP: 118/118 MP: 27/27
 19932 | Lair:6   | Offered knowledge of Spellforged Servitor by Vehumet.
 19939 | Lair:6   | Reached skill level 10 in Spellcasting
 19944 | Lair:6   | Reached skill level 5 in Conjurations
 19944 | Lair:6   | Reached skill level 5 in Evocations
 20045 | Lair:6   | Found a runed translucent door.
 20045 | Lair:6   | Found a viscous altar of Jiyva.
 20046 | Lair:6   | Found a staircase to the Slime Pits.
 20146 | Lair:6   | Reached skill level 6 in Conjurations
 20146 | Lair:6   | Reached skill level 6 in Evocations
 20671 | Lair:6   | Reached skill level 7 in Conjurations
 20671 | Lair:6   | Reached skill level 7 in Evocations
 22256 | Orc:1    | Entered Level 1 of the Orcish Mines
 22274 | Orc:1    | Reached skill level 8 in Conjurations
 22274 | Orc:1    | Reached skill level 8 in Evocations
 22570 | Orc:2    | Entered Level 2 of the Orcish Mines
 22601 | Orc:2    | Noticed a stone giant
 22614 | Orc:2    | Killed a stone giant
 22614 | Orc:2    | Offered knowledge of Ozocubu's Refrigeration by Vehumet.
 22681 | Orc:2    | Learned a level 6 spell: Ozocubu's Refrigeration
 22826 | Orc:2    | Found a roughly hewn altar of Beogh.
 22826 | Orc:2    | Found Juowik's Antique Weapon Emporium.
 22918 | Orc:2    | Found a runed translucent door.
 23224 | Orc:2    | Found a staircase to the Elven Halls.
 23264 | Orc:2    | Found a roughly hewn altar of Beogh.
 23412 | Orc:2    | Found a roughly hewn altar of Beogh.
 23415 | Orc:2    | Reached skill level 16 in Ice Magic
 23477 | Orc:2    | Noticed an orc warlord
 23486 | Orc:2    | Killed an orc warlord
 23551 | Orc:2    | Found a roughly hewn altar of Beogh.
 23551 | Orc:2    | Found Womedul's Antique Armour Shoppe.
 23558 | Orc:2    | Found Girepun's Antique Weapon Emporium.
 23688 | Orc:2    | Found a roughly hewn altar of Beogh.
 23695 | Orc:2    | Found Xoweux's Assorted Antiques.
 23736 | Orc:2    | Noticed EriolAelfwine's ghost (journeyman MiBe)
 23748 | Orc:2    | Killed EriolAelfwine's ghost
 23906 | Orc:2    | Bought a runed demon trident for 450 gold pieces
 23917 | Orc:2    | Bought an embroidered cloak for 142 gold pieces
 23917 | Orc:2    | Bought a pair of glowing gloves for 142 gold pieces
 23917 | Orc:2    | Bought the +3 hat of Pondering {ponderous, MR+ MP+10 Int+5}
                  | for 723 gold pieces
 23917 | Orc:2    | Found the +3 hat of Pondering {ponderous, MR+ MP+10 Int+5}
 24011 | Orc:2    | Bought a scroll labeled YTUZAOM KULESI for 29 gold pieces
 24011 | Orc:2    | Bought a scroll of identify for 58 gold pieces
 24075 | Orc:1    | Found a roughly hewn altar of Beogh.
 24154 | Orc:1    | Found Vivicu's Mass Market.
 24159 | Orc:1    | Reached XP level 15. HP: 113/123 MP: 29/29
 24570 | D:12     | Reached skill level 17 in Ice Magic
 24614 | D:12     | Noticed Erolcha
 24623 | D:12     | Killed Erolcha
 24690 | D:12     | Offered knowledge of Freezing Cloud by Vehumet.
 24717 | D:12     | Learned a level 6 spell: Freezing Cloud
 24958 | D:12     | Paralysed by a hornet for 1 turns
 25374 | D:12     | Learned a level 1 spell: Apportation
 25642 | D:13     | Noticed Snorg
 25648 | D:13     | Killed Snorg
 25648 | D:13     | Reached skill level 18 in Ice Magic
 26309 | D:13     | Noticed Nessos
 26350 | D:13     | Killed Nessos
 26350 | D:13     | Reached skill level 1 in Air Magic
 26714 | D:13     | Found a gate to the Vaults.
 26716 | D:13     | Reached skill level 4 in Summonings
 26716 | D:13     | Reached skill level 2 in Air Magic
 27039 | D:14     | Found Taggett's Island Escapes.
 27044 | D:14     | Bought a scroll of blinking for 127 gold pieces
 27044 | D:14     | Bought a potion of haste for 170 gold pieces
 27044 | D:14     | Bought a wand of digging (5) for 306 gold pieces
 27044 | D:14     | Bought a wand of digging (5) for 306 gold pieces
 27044 | D:14     | Bought a scroll of teleportation for 51 gold pieces
 27044 | D:14     | Bought a scroll of teleportation for 51 gold pieces
 27130 | D:14     | Reached ****** piety under Vehumet
 27153 | D:14     | Identified a scroll of acquirement
 27154 | D:14     | Identified the Reference Book on Attacks (You acquired it
                  | on level 14 of the Dungeon)
 27154 | D:14     | Identified the ring of Contention {Wiz rC+ rN+ MR- Str+2}
                  | (You acquired it on level 14 of the Dungeon)
 27154 | D:14     | Identified the +10 eveningstar "Vupte" {flame, rN+ Str+3}
                  | (You acquired it on level 14 of the Dungeon)
 27166 | D:14     | Found a gate leading to a gauntlet.
 27185 | Gauntlet | Entered a Gauntlet
 27185 | Gauntlet | Found a transporter.
 27185 | Gauntlet | Found a transporter.
 27194 | Gauntlet | Found a transporter.
 27194 | Gauntlet | Found a transporter.
 27214 | Gauntlet | Found a transporter.
 27219 | Gauntlet | Found a transporter.
 27224 | Gauntlet | Found a transporter.
 27224 | Gauntlet | Found a transporter.
 27227 | Gauntlet | Found a transporter.
 27261 | Gauntlet | Found a transporter.
 27283 | Gauntlet | Found a transporter.
 27312 | Gauntlet | Found a transporter.
 27326 | Gauntlet | Found a transporter.
 27412 | Gauntlet | Found a transporter.
 27427 | Gauntlet | Found a transporter.
 27446 | Gauntlet | Found a transporter.
 27877 | Gauntlet | Got a vibrating ruby amulet
 27879 | Gauntlet | Identified the amulet "Pufub" {Inacc Int+4} (You found it
                  | in a Gauntlet)
 28084 | Gauntlet | Identified the Collected Works on Combat Magic and Calling
                  | (You acquired it in a Gauntlet)
 28084 | Gauntlet | Identified the ring "Kadim" {rF- MR+ Str+5 SInv} (You
                  | acquired it in a Gauntlet)
 28112 | Gauntlet | Reached skill level 7 in Armour
 28267 | D:14     | Reached skill level 3 in Air Magic
 28308 | D:14     | Offered knowledge of Orb of Destruction by Vehumet.
 28828 | D:14     | Reached skill level 5 in Summonings
 28908 | D:14     | Found Pewne's Distillery.
 28911 | D:14     | Bought a potion of curing for 33 gold pieces
 28911 | D:14     | Bought a potion of curing for 33 gold pieces
 28911 | D:14     | Bought a potion of heal wounds for 55 gold pieces
 29270 | D:15     | Entered Level 15 of the Dungeon
 29371 | D:15     | Reached skill level 9 in Conjurations
 29552 | D:15     | Found a staircase to the Depths.
 29553 | D:15     | Noticed a frost giant
 29560 | D:15     | Killed a frost giant
 29560 | D:15     | Reached skill level 4 in Air Magic
 29560 | D:15     | Reached XP level 16. HP: 110/130 MP: 30/30
 29945 | D:15     | Reached skill level 8 in Armour
 30067 | D:15     | Got a turquoise-encrusted chain mail
 30078 | D:15     | Identified the +1 chain mail of Feasting {-Tele rPois rCorr
                  | Int+4} (You found it on level 15 of the Dungeon)
 30113 | D:15     | Reached skill level 11 in Spellcasting
 30115 | D:15     | Noticed Kirke
 30119 | D:15     | Killed Kirke
 30119 | D:15     | Reached skill level 5 in Air Magic
 30161 | D:15     | Paralysed by a floating eye for 2 turns
 30280 | D:15     | Got a glittering ivory ring
 30282 | D:15     | Identified the ring of Wosy {Int+2 SInv} (You found it on
                  | level 15 of the Dungeon)
 30301 | D:15     | Found the +9 scales of the Dragon King {rPois rF+ rC+ MR+}
 30371 | D:15     | Found a burning altar of Makhleb.
 30381 | D:15     | Reached skill level 9 in Armour
 30409 | D:15     | Offered knowledge of Iron Shot by Vehumet.
 30415 | D:15     | Reached skill level 10 in Conjurations
 30574 | D:15     | Got a bound bone ring
 30576 | D:15     | Identified the ring of Fudumiow {rF- rN+ AC+3 Int+2} (You
                  | found it on level 15 of the Dungeon)
 30641 | D:15     | Found an ornate altar of the Wu Jian Council.
 30670 | D:15     | Reached skill level 6 in Air Magic
 30691 | D:15     | Reached skill level 19 in Ice Magic
 30716 | D:15     | Got a coiled granite ring
 30718 | D:15     | Identified the ring "Qodofe" {*Drain Int+7 Dex+2} (You
                  | found it on level 15 of the Dungeon)
 30784 | D:15     | Noticed Agnes
 30790 | D:15     | Killed Agnes
 30791 | D:15     | Found a glowing golden altar of the Shining One.
 30932 | D:15     | Noticed Louise
 30937 | D:15     | Killed Louise
 30937 | D:15     | Reached skill level 1 in Staves
 31284 | Swamp:1  | Entered Level 1 of the Swamp
 31352 | Swamp:1  | Reached skill level 1 in Shields
 31359 | Swamp:1  | Reached skill level 1 in Translocations
 32023 | Swamp:1  | Reached skill level 2 in Shields
 32023 | Swamp:1  | Reached XP level 17. HP: 91/136 MP: 32/32
 32365 | Swamp:2  | Reached skill level 1 in Polearms
 32365 | Swamp:2  | Reached skill level 2 in Translocations
 32371 | Swamp:2  | Reached skill level 2 in Polearms
 32371 | Swamp:2  | Reached skill level 10 in Armour
 32430 | Swamp:2  | Reached skill level 3 in Shields
 32572 | Swamp:2  | Offered knowledge of Starburst by Vehumet.
 32685 | Swamp:2  | Reached skill level 3 in Polearms
 32685 | Swamp:2  | Reached skill level 3 in Translocations
 33406 | Swamp:3  | Reached skill level 12 in Spellcasting
 33430 | Swamp:3  | Reached skill level 11 in Conjurations
 33445 | Swamp:3  | Identified +0 swamp dragon scales
 33451 | Swamp:3  | Identified a +2 robe of resistance
 33451 | Swamp:3  | Noticed Mara
 33476 | Swamp:3  | Noticed sanka's illusion
 33755 | Swamp:3  | Noticed sanka's illusion
 33764 | Swamp:3  | Killed Mara
 33764 | Swamp:3  | Reached skill level 2 in Staves
 33764 | Swamp:3  | Reached skill level 4 in Shields
 33822 | Swamp:3  | Noticed Donald
 33824 | Swamp:3  | Killed Donald
 33825 | Swamp:3  | Reached skill level 4 in Translocations
 33877 | Swamp:3  | Reached skill level 3 in Staves
 34023 | Swamp:3  | Found a radiant altar of Vehumet.
 34105 | Swamp:3  | Got an iridescent battleaxe
 34111 | Swamp:3  | Identified the cursed +0 battleaxe "Qakys" {vorpal, rPois
                  | Stlth+} (You found it on level 3 of the Swamp)
 34628 | Swamp:3  | Learned a level 6 spell: Starburst
 34850 | Swamp:3  | Reached skill level 11 in Armour
 34910 | Swamp:3  | Reached skill level 4 in Staves
 34917 | Swamp:3  | Got a bloodstained falchion
 34918 | Swamp:3  | Identified the +4 falchion of the Pit {vorpal, rF+} (You
                  | found it on level 3 of the Swamp)
 35094 | Swamp:3  | Offered knowledge of Glaciate by Vehumet.
 35094 | Swamp:3  | Offered knowledge of Shatter by Vehumet.
 35094 | Swamp:3  | Offered knowledge of Ignition by Vehumet.
 35094 | Swamp:3  | Reached XP level 18. HP: 112/143 MP: 34/34
 35126 | Swamp:3  | Learned a level 9 spell: Glaciate
 35415 | Swamp:3  | Got a pitted falchion
 35416 | Swamp:3  | Identified the +8 falchion "Tuhaf" {vorpal, MP+9 Stlth+}
                  | (You found it on level 3 of the Swamp)
 35674 | Swamp:4  | Entered Level 4 of the Swamp
 35749 | Swamp:4  | Identified +0 swamp dragon scales
 35751 | Swamp:4  | Identified +0 steam dragon scales
 35757 | Swamp:4  | Reached skill level 5 in Shields
 35828 | Swamp:4  | Identified +0 swamp dragon scales
 35828 | Swamp:4  | Reached skill level 5 in Staves
 36171 | Swamp:4  | Got a decaying rune of Zot
 36537 | Swamp:4  | Found a runed translucent gate.
 36537 | Swamp:4  | Found a runed translucent gate.
 36537 | Swamp:4  | Found a runed translucent gate.
 36538 | Swamp:4  | Noticed Flugslaktarn's ghost (journeyman DDFi)
 36578 | Swamp:4  | Reached skill level 12 in Conjurations
 36585 | Swamp:4  | Killed Flugslaktarn's ghost
 36597 | Swamp:4  | Got a smoking amber ring
 36599 | Swamp:4  | Identified the cursed ring "Gekue" {rF- AC-2 Str+8 Int+3
                  | Dex+2} (You found it on level 4 of the Swamp)
 36812 | Spider:1 | Entered Level 1 of the Spider Nest
 36852 | Spider:1 | Reached skill level 20 in Ice Magic
 36931 | Spider:1 | Reached skill level 6 in Staves
 36931 | Spider:1 | Reached skill level 6 in Shields
 37863 | Spider:2 | Got a faintly glowing ring mail
 37864 | Spider:2 | Identified the cursed +0 ring mail of Lapn {+Fly rN+ Int+4}
                  | (You found it on level 2 of the Spider Nest)
 37890 | Spider:2 | Reached skill level 7 in Staves
 37890 | Spider:2 | Reached skill level 12 in Armour
 37890 | Spider:2 | Reached skill level 13 in Spellcasting
 38773 | Spider:3 | Reached skill level 7 in Shields
 38786 | Spider:3 | Reached skill level 8 in Staves
 38980 | Spider:3 | Noticed Arachne
 38994 | Spider:3 | Killed Arachne
 38995 | Spider:3 | Reached skill level 9 in Staves
 39037 | Spider:3 | Reached XP level 19. HP: 115/149 MP: 36/36
 39222 | Spider:3 | Reached skill level 8 in Shields
 39487 | Spider:4 | Entered Level 4 of the Spider Nest
 39514 | Spider:4 | Reached skill level 10 in Staves
 39663 | Spider:4 | Noticed Aizul
 39668 | Spider:4 | Killed Aizul
 39798 | Spider:4 | Reached skill level 11 in Staves
 39798 | Spider:4 | Reached skill level 9 in Shields
 40319 | Spider:4 | HP: 11/149 [poisoned by a ghost moth]
 40974 | Spider:4 | Reached skill level 10 in Shields
 41054 | Spider:4 | Got a gossamer rune of Zot
 41293 | Vaults:1 | Entered Level 1 of the Vaults
 41296 | Vaults:1 | Reached skill level 4 in Polearms
 41521 | Vaults:1 | Reached skill level 11 in Shields
 41536 | Vaults:1 | Reached skill level 5 in Polearms
 41879 | Vaults:1 | Reached XP level 20. HP: 156/156 MP: 37/37
 41974 | Vaults:1 | Reached skill level 6 in Polearms
 42385 | Vaults:2 | Reached skill level 12 in Shields
 43569 | Vaults:2 | Reached skill level 7 in Polearms
 44033 | Vaults:2 | Found a staircase to the Crypt.
 44169 | Vaults:2 | Identified +0 acid dragon scales
 44474 | Vaults:3 | Reached skill level 13 in Shields
 45156 | Vaults:3 | Reached skill level 13 in Armour
 45279 | Vaults:3 | Reached XP level 21. HP: 144/164 MP: 31/38
 45539 | Vaults:3 | Reached skill level 13 in Dodging
 45703 | Vaults:3 | Reached skill level 14 in Fighting
 45809 | Vaults:3 | Reached skill level 13 in Conjurations
 46239 | Vaults:4 | Identified +0 fire dragon scales
 46395 | Vaults:4 | Reached skill level 8 in Polearms
 46507 | Vaults:4 | Noticed Mennas
 46542 | Vaults:4 | Killed Mennas
 46542 | Vaults:4 | Reached skill level 14 in Shields
 47324 | Vaults:4 | Identified the +9 quarterstaff of Jicixu {flame, rElec
                  | rPois MP+9}
 48133 | Elf:1    | Entered Level 1 of the Elven Halls
 48189 | Elf:1    | Noticed Roxanne
 48198 | Elf:1    | Noticed Azrael
 48201 | Elf:1    | Killed Azrael
 48234 | Elf:1    | Identified the Incunabulum of Necromancy
 48887 | Elf:1    | Identified the ring of the Thistle {rElec rF++ rCorr} (You
                  | acquired it on level 1 of the Elven Halls)
 48955 | Elf:1    | Found Epoefea's General Store.
 48961 | Elf:1    | Bought a scroll of blinking for 135 gold pieces
 49711 | Elf:2    | Reached skill level 14 in Armour
 49712 | Elf:2    | Reached XP level 22. HP: 174/174 MP: 37/39
 49715 | Elf:2    | Identified a +2 robe of the Archmagi
 49839 | Elf:2    | Reached skill level 14 in Conjurations
 50052 | Elf:2    | Reached skill level 15 in Fighting
 50136 | Elf:2    | Reached skill level 14 in Dodging
 50144 | Elf:2    | Found a huge runed translucent gate.
 50144 | Elf:2    | Found a huge runed translucent gate.
 50144 | Elf:2    | Found a huge runed translucent gate.
 50145 | Elf:2    | Found a huge runed translucent gate.
 50147 | Elf:2    | Found a huge runed translucent gate.
 50292 | Elf:2    | Found Tigot's Jewellery Emporium.
 50293 | Elf:2    | Found Ryd Serafa's Gadget Shop.
 50294 | Elf:2    | Found Bahun's Jewellery Emporium.
 50516 | Elf:2    | Reached skill level 15 in Shields
 50723 | Elf:2    | Reached skill level 15 in Conjurations
 51019 | Elf:2    | Upgraded the game from 0.25-a0-610-gd0df705f03 to
                  | 0.25-a0-631-gc915619fb7
 51062 | Elf:3    | Entered Level 3 of the Elven Halls
 51199 | Elf:3    | Noticed Asterion
 51202 | Elf:3    | Killed Asterion
 51809 | Elf:3    | Found a radiant altar of Vehumet.
 52117 | Elf:3    | Reached skill level 16 in Conjurations
 52327 | Elf:3    | Identified a +0 pair of boots of running (You acquired it
                  | on level 3 of the Elven Halls)
 52327 | Elf:3    | Identified the +5 eveningstar of Fedhas's Supremacy {holy,
                  | rC+++ Str+4 Int-3 SInv} (You acquired it on level 3 of the
                  | Elven Halls)
 52437 | Elf:3    | Identified the +5 great sword of Linearity {holy, +Rage
                  | +Inv MR+}
 52437 | Elf:3    | Identified the amulet of Ekhlasu Riest {Acrobat rN+}
 52648 | Elf:3    | Identified the Incunabulum of Excruciating Displacement
 52693 | Elf:3    | Identified +2 ice dragon scales (You found it on level 3 of
                  | the Elven Halls)
 52707 | Elf:3    | Got a spiked scale mail
 52718 | Elf:3    | Identified the +5 scale mail of the Orcish Mines {*Contam
                  | rN+++ Regen+ Dex-4} (You found it on level 3 of the Elven
                  | Halls)
 52725 | Elf:3    | Gained mutation: You are frail. (-10% HP) [mutagenic glow]
 52891 | Elf:3    | Got a scorched quarterstaff
 52902 | Elf:3    | Identified the +6 quarterstaff of the Warrior {vamp, *Noise
                  | rPois rC+} (You found it on level 3 of the Elven Halls)
 53247 | Lair:6   | Lost mutation: You are frail. (-10% HP) [potion of
                  | mutation]
 53247 | Lair:6   | Gained mutation: Your system is resistant to poisons.
                  | (rPois) [potion of mutation]
 53247 | Lair:6   | Gained mutation: You are weak. (Str -2) [potion of
                  | mutation]
 53247 | Lair:6   | Gained mutation: You are partially covered in iridescent
                  | scales. (AC +2) [potion of mutation]
 53248 | Lair:6   | Lost mutation: Your system is resistant to poisons. (rPois)
                  | [potion of mutation]
 53248 | Lair:6   | Lost mutation: You are weak. (Str -2) [potion of mutation]
 53248 | Lair:6   | Lost mutation: You are partially covered in iridescent
                  | scales. (AC +2) [potion of mutation]
 53248 | Lair:6   | Gained mutation: You are weak. (Str -2) [potion of
                  | mutation]
 53248 | Lair:6   | Gained mutation: You can translocate small distances at
                  | will. [potion of mutation]
 53410 | Swamp:4  | Lost mutation: You are weak. (Str -2) [potion of mutation]
 53410 | Swamp:4  | Lost mutation: You can translocate small distances at will.
                  | [potion of mutation]
 53410 | Swamp:4  | Gained mutation: Your body sometimes deteriorates upon
                  | taking damage. [potion of mutation]
 53410 | Swamp:4  | Gained mutation: You have an increased reservoir of magic.
                  | (+10% MP) [potion of mutation]
 53410 | Swamp:4  | Gained mutation: You have a pair of small antennae on your
                  | head. [potion of mutation]
 53688 | Depths:1 | Entered Level 1 of the Depths
 53701 | Depths:1 | Reached skill level 17 in Conjurations
 53703 | Depths:1 | Reached XP level 23. HP: 156/181 MP: 43/44
 53918 | Depths:1 | Identified +0 ice dragon scales
 53935 | Depths:1 | Reached skill level 21 in Ice Magic
 54085 | Depths:1 | Reached skill level 18 in Conjurations
 54114 | Depths:1 | Found a gateway to Hell.
 54138 | Depths:1 | Found a corrupted altar of Lugonu.
 54138 | Depths:1 | Found a one-way gate to the infinite horrors of the Abyss.
 54517 | Depths:2 | Found a one-way gate leading to the halls of Pandemonium.
 54528 | Depths:2 | Identified +0 ice dragon scales
 54766 | Depths:2 | Noticed a golden dragon
 54779 | Depths:2 | Killed a golden dragon
 55244 | Depths:2 | Identified +0 fire dragon scales
 55339 | Depths:2 | Reached skill level 19 in Conjurations
 55358 | Depths:2 | Noticed a golden dragon
 55392 | Depths:2 | Killed a golden dragon
 55392 | Depths:2 | Identified +0 gold dragon scales
 55395 | Depths:2 | HP: 3/181 [ice dragon/blast of cold (17)]
 55398 | Depths:2 | HP: 1/181 [poisoned by a golden dragon (poison gas)]
 55399 | Depths:2 | Killed from afar by an ice dragon

Vanquished Creatures
  Mara (Swamp:3)
  Mennas (Vaults:4)
  2 golden dragons (Depths:2)
  Arachne (Spider:3)
  A lich (Depths:2)
  A deep elf master archer (Elf:3)
  2 deep elf blademasters
  Asterion (Elf:3)
  Gastronok (D:11)
  3 thorn hunters
  Agnes (D:15)
  Kirke (D:15)
  Donald (Swamp:3)
  The ghost of Flugslaktarn the Severer, a journeyman DDFi of Makhleb (Swamp:4)
  A fire giant (Vaults:3)
  Louise (D:15)
  3 frost giants
  Aizul (Spider:4)
  5 emperor scorpions (Spider:4)
  The ghost of EriolAelfwine the Severer, a journeyman MiBe of Trog (Orc:2)
  8 deep elf sorcerers
  3 ghost moths (Spider:4)
  A deep elf elementalist (Elf:3)
  10 vault wardens
  An orc warlord (Orc:2)
  10 ironheart preservers
  A spriggan defender (Depths:2)
  4 entropy weavers
  A very ugly thing (Vaults:3)
  19 stone giants
  Nessos (D:13)
  5 spark wasps
  8 deep elf annihilators
  A deep elf demonologist (Elf:3)
  A vampire knight (Depths:2)
  Azrael (Elf:1)
  A minotaur (Gauntlet)
  Snorg (D:13)
  A crystal guardian (Vaults:2)
  8 ettins
  9 deep elf death magi
  7 fire dragons
  12 yaktaur captains
  Erolcha (D:12)
  2 great orbs of eyes
  4 deep elf high priests (Elf:3)
  Fannar (D:11)
  5 ice dragons
  13 vault guards
  10 ogre magi
  6 rakshasas
  A naga warrior (D:15)
  A ghost crab (Swamp:3)
  18 hydras
  2 shambling mangroves
  9 centaur warriors
  4 death yaks (Lair:6)
  5 death knights
  3 catoblepae (Lair:6)
  29 dancing weapons
  19 alligators
  29 two-headed ogres
  8 deep troll shamans
  3 tengu warriors (D:15)
  10 spriggans
  A vampire mage (Depths:1)
  4 deep troll earth magi
  A spriggan berserker (Depths:2)
  3 orc high priests (Orc:2)
  A titan skeleton (Vaults:4)
  18 deep elf knights
  3 skeletal warriors (D:14)
  A fire crab (Swamp:4)
  10 hell knights
  6 iron trolls (Depths:2)
  A shadow wraith (Vaults:4)
  4 unseen horrors
  2 spectral hydras (Swamp:3)
  15 swamp dragons
  3 spriggan druids
  17 deep trolls
  A death drake (Swamp:3)
  3 glowing orange brains
  4 wizards
  2 lindwurms (Swamp:4)
  A flayed ghost (Vaults:3)
  12 ironbrand convokers
  19 deep elf archers
  2 phantasmal warriors
  A harpy (Vaults:4)
  16 orc knights
  A wolf spider zombie (D:15)
  10 necromancers
  A tengu skeleton (Depths:1)
  16 orb spiders
  56 deep elf magi
  36 ugly things
  3 orc sorcerers
  41 wolf spiders
  4 moths of wrath
  A salamander (Swamp:4)
  2 oklob plants (Lair:1)
  6 manticores
  A moth of wrath (shapeshifter) (D:15)
  3 cyclopes
  An elephant (shapeshifter) (Depths:2)
  A naga mage (D:15)
  A frost giant skeleton (Depths:1)
  12 vault sentinels
  A guardian serpent (shapeshifter) (Depths:2)
  4 elephants
  18 spiny frogs
  2 torpor snails
  2 black mambas
  2 rime drakes (Lair:5)
  Maggie (D:9)
  2 gargoyles (D:15)
  5 swamp worm zombies (Swamp:3)
  A kobold demonologist (D:15)
  5 freezing wraiths
  8 komodo dragons
  2 komodo dragons (shapeshifter)
  23 yaktaurs
  An efreet (D:15)
  2 trolls
  15 demonic crawlers
  3 tengu conjurers
  A spark wasp simulacrum (Depths:1)
  A queen bee (Gauntlet)
  A troll (shapeshifter) (Vaults:3)
  51 jumping spiders
  A polar bear (Lair:6)
  Prince Ribbit (D:5)
  12 tyrant leeches
  A hippogriff (shapeshifter) (Depths:1)
  18 hornets
  17 blink frogs
  4 spectral swamp dragons (Swamp:3)
  4 alligator zombies (Swamp:3)
  An ettin zombie (Vaults:4)
  33 slime creatures
  4 dream sheep (Lair:6)
  17 hippogriffs
  14 bog bodies
  68 redbacks
  A centaur simulacrum (D:15)
  17 tarantellas
  52 yaks
  4 air elementals
  A vampire (D:14)
  2 wraiths
  2 tyrant leech zombies (Swamp:3)
  A shadow (Swamp:3)
  A tarantella (shapeshifter) (Depths:2)
  13 water elementals
  12 wyverns
  4 fire elementals
  7 hogs (D:15)
  A human (shapeshifter) (Depths:2)
  A hog (shapeshifter) (Vaults:3)
  12 basilisks
  19 humans (D:13)
  A neqoxec (Gauntlet)
  24 vampire mosquitoes
  2 steam dragons (Swamp:4)
  A hungry ghost (D:8)
  18 swamp worms
  2 soldier ants (D:11)
  5 wargs
  2 chaos spawn (Gauntlet)
  3 nagas (D:15)
  5 hell hounds
  3 insubstantial wisps (Swamp:4)
  15 water moccasins
  2 spiny frog zombies (Swamp:3)
  6 acid dragons
  4 floating eyes (D:15)
  8 porcupines
  A water moccasin (shapeshifter) (Vaults:2)
  10 swamp drakes
  5 large abominations
  3 sky beasts
  52 orc warriors
  2 black bears
  A human zombie (Vaults:4)
  A hornet zombie (D:15)
  An ettin simulacrum (Vaults:3)
  4 elf zombies
  7 ice beasts
  19 ogres
  An eye of draining (D:15)
  A necrophage (D:5)
  2 phantoms
  10 wolves
  10 boggarts
  24 centaurs
  10 crocodiles
  An elf skeleton (Vaults:4)
  2 big kobolds
  19 bullfrogs
  5 earth elementals
  2 wyvern skeletons
  5 scorpions
  A spriggan zombie (Swamp:3)
  2 troll zombies (Swamp:3)
  A tengu zombie (Depths:1)
  11 killer bees
  5 wights
  4 howler monkeys
  6 electric eels
  7 jellies
  11 crimson imps
  A quasit (D:12)
  5 centaur zombies
  11 centaur skeletons
  A gnoll shaman (Orc:2)
  27 orc priests
  6 hounds
  24 orc wizards
  Crazy Yiuf (D:7)
  Natasha (thrice) (D:4)
  4 iguanas
  12 worker ants
  A statue (D:5)
  A human simulacrum (D:12)
  A hound zombie (D:10)
  A hound skeleton (D:6)
  2 worker ant zombies
  11 adders
  8 gnolls
  5 shadow imps
  3 oozes
  An adder skeleton (D:5)
  2 worms
  2 dart slugs (D:1)
  7 leopard geckos
  143 orcs
  5 giant cockroaches
  10 goblins
  7 hobgoblins
  11 jackals
  5 quokkas
  12 bats
  5 frilled lizards
  A giant cockroach zombie (D:5)
  16 kobolds
  A leopard gecko skeleton (D:6)
  4 rats
  15 briar patches (Swamp:3)
  A butterfly (Lair:2)
  2 crawling corpses (Elf:1)
  4 fungi (Elf:2)
  8 plants
  5 withered plants (Swamp:3)
1912 creatures vanquished.

Vanquished Creatures (collateral kills)
  A hydra (Lair:1)
  A catoblepas (Lair:5)
  A death yak (Lair:6)
  The ghost of DizzySkin the Cleaver, a novice MiBe of Trog (D:7)
  A wyvern (Lair:5)
  2 yaks (Lair:6)
  Menkaure (D:5)
  An orc warrior (Orc:2)
  An orc wizard (Orc:2)
  2 orcs
12 creatures vanquished.

Vanquished Creatures (others)
  A deep elf mage (Elf:2)
  An air elemental (Elf:2)
  A steam dragon (Swamp:4)
  A warg (Vaults:4)
  3 swamp drakes (Swamp:4)
  A human simulacrum (D:12)
  9 fungi
  19 plants
  14 withered plants (Gauntlet)
50 creatures vanquished.

Grand Total: 1974 creatures vanquished
